 Dungeon Crawl Stone Soup version 0.32-a0-39-g5c88369fb2 (webtiles) character file.

Game seed: 10190356495427864187

1642 Ge0ff the Thaumaturge (level 8, -8/58 HPs)
             Began as a Mummy Cinder Acolyte on Feb 1, 2024.
             Was an Elder of Ignis.
             Mangled by a centaur
             ... wielding the +8 morningstar of Fimeamp {drain, Dex+5}
              (12 damage)
             ... on level 6 of the Dungeon.
             The game lasted 00:08:48 (6049 turns).

Ge0ff the Thaumaturge (Mummy Cinder Acolyte)        Turns: 6049, Time: 00:08:49

Health: -8/58      AC:  5    Str: 18    XL:     8   Next: 67%
Magic:  0/20       EV: 11    Int: 15    God:    Ignis [****..]
Gold:   161        SH:  0    Dex:  7    Spells: 21/23 levels left

rFire   . . .        a - -1 spear (flame)
rCold   + . .        (no shield)
rNeg    + + +        b - +0 robe
rPois   ∞            W - +0 helmet
rElec   .            Y - +0 cloak
rCorr   +            G - +0 pair of gloves
SInv    .            (no boots)
Will    +....        c - amulet of guardian spirit
Stlth   ++           Z - ring of flight
HPRegen 0.29/turn    T - ring of resist corrosion
MPRegen 0.17/turn

%: guardian spirit, faith
@: flying
A: cold resistance 1, negative energy resistance 3, torment resistance 2, heat
vulnerability 1, in touch with death 1, no potions, faith
a: Renounce Religion, Fiery Armour, Foxfire Swarm, Rising Flame


You were on level 6 of the Dungeon.
You worshipped Ignis.
Ignis was greatly pleased with you.
You visited 2 branches of the dungeon, and saw 7 of its levels.

You collected 191 gold pieces.
You spent 30 gold pieces at shops.

Inventory:

Hand Weapons
 a - a -1 spear of flaming (weapon)
 Q - a +2 rapier of protection
 R - a +1 dagger of venom
 X - a +0 halberd
Missiles
 g - a throwing net {=F}
 I - 5 datura-tipped darts {=F}
 M - 6 poisoned darts
 O - 40 stones
Armour
 b - a +0 robe (worn)
 G - a +0 pair of gloves (worn)
 W - a +0 helmet (worn)
 Y - a +0 cloak (worn)
Jewellery
 c - an amulet of guardian spirit (around neck)
 T - a ring of resist corrosion (right hand)
 Z - a ring of flight (left hand)
Wands
 P - a wand of polymorph (10)
Scrolls
 D - a scroll of brand weapon {unknown}
 E - a scroll of fear
 F - 2 scrolls of fog
 H - a scroll of enchant armour
 J - a scroll of silence {!r}
 K - a scroll of immolation {unknown}
 L - 3 scrolls of torment
 N - a scroll of poison {unknown}
 S - a scroll of amnesia
 U - a scroll of enchant weapon
 V - a scroll of vulnerability


   Skills:
 - Level 3.0 Fighting
 - Level 2.4 Polearms
 - Level 2.0 Stealth
 + Level 8.2 Spellcasting
 * Level 7.4 Fire Magic


You had 21 spell levels left.
You knew the following spells:

 Your Spells              Type           Power      Damage    Failure   Level
C - Scorch                Fire           56%        2d7       1%          2

Your spell library contained the following spells:

 Spells                   Type           Power      Damage    Failure   Level


Dungeon Overview and Level Annotations

Branches:
Dungeon (6/15) Zot: 26414  Temple (1/1) D:5 Zot: 5998

Altars:
Cheibriados
Dithmenos
Fedhas
Gozag
Hepliaklqana
Kikubaaqudgha
Makhleb
Nemelex Xobeh
Okawaru
Qazlal
Ru
Sif Muna
Trog
Uskayaw
Wu Jian
Xom

Shops:
D:2 *


Innate Abilities, Weirdness & Mutations

You are immune to poison.
Your flesh is cold resistant. (rC+)
You are immune to negative energy. (rN+++)
You are immune to unholy pain and torment.
You are vulnerable to heat. (rF-)
You are in touch with the powers of death.
You do not drink.
You have a special connection with the divine. (Faith)


Message History

Flames lash the kobold.
You kill the kobold!
You hear a shout!
Casting: Scorch (safe; 1% risk of failure)
Confirm with . or Enter, or press ? or * to list all spells.
You can't see any susceptible monsters within range! (Use Z to cast anyway.)
A kobold comes into view. It is wielding a +1 dagger of flaming.
Casting: Scorch (safe; 1% risk of failure)
Confirm with . or Enter, or press ? or * to list all spells.
Flames lash the kobold.
You kill the kobold!
Casting: Scorch (safe; 1% risk of failure)
Confirm with . or Enter, or press ? or * to list all spells.
You can't see any susceptible monsters within range! (Use Z to cast anyway.)
A centaur comes into view.
It is wielding the +8 morningstar of Fimeamp {drain, Dex+5}.
Items here: $ ( )) †.
What are your orders? t - Shout!
Orders for allies: a - Attack new target. r - Retreat! s - Stop attacking. g - Guard the area. f - Follow me.
Anything else - Cancel.
You shout for attention!
You hear a shout!
You start resting.
HP restored.
A centaur is nearby!
Casting: Scorch (safe; 1% risk of failure)
Confirm with . or Enter, or press ? or * to list all spells.
Flames lash the centaur.
The centaur is moderately wounded.
The centaur's fire resistance burns away.
The centaur hits you with the +8 morningstar of Fimeamp {drain, Dex+5}!
The centaur kicks you but does no damage.
The centaur hits you with the +8 morningstar of Fimeamp {drain, Dex+5}!
The centaur barely misses you.
Casting: Scorch (safe; 1% risk of failure)
Confirm with . or Enter, or press ? or * to list all spells.
Flames lash the centaur.
The centaur is burned terribly!
The centaur is severely wounded.
The centaur hits you with the +8 morningstar of Fimeamp {drain, Dex+5}!
The centaur kicks you but does no damage.
Casting: Scorch (safe; 1% risk of failure)
Confirm with . or Enter, or press ? or * to list all spells.
Flames lash the centaur.
The centaur is burned terribly!
The centaur is severely wounded.
The centaur hits you with the +8 morningstar of Fimeamp {drain, Dex+5}!!
* * * LOW HITPOINT WARNING * * *
The centaur kicks you but does no damage.
The centaur hits you with the +8 morningstar of Fimeamp {drain, Dex+5}!
You die...

#.# #............# #.)#
#............# #..##
#.†..........# ...
#.†..........#
#.###............#
#...#............#
###.#............#
########c$............#
........#@..########+##
...#..c.###.# ......†..
#.# .........##.#
...#...#.##.# #+ #...
.##>. #... .#### #...
..


You could see a centaur (combustible).

Vanquished Creatures
  Grinder (D:3)
  A steam dragon (D:6)
  A water moccasin (D:6)
  An ice beast (D:6)
  A black bear (D:6)
  A sky beast (D:6)
  A centaur (D:6)
  2 phantoms (D:4)
  A kobold brigand (D:6)
  A scorpion (D:5)
  A bombardier beetle (D:5)
  A hound (D:4)
  A gnoll bouda (D:5)
  A jelly (D:5)
  A sleepcap (D:4)
  Jessica (D:3)
  6 iguanas
  Robin (D:3)
  6 gnolls (D:5)
  7 adders
  4 dart slugs
  2 ribbon worms (D:2)
  2 orcs
  10 bats
  8 endoplasms
  3 giant cockroaches
  14 goblins
  12 hobgoblins
  4 jackals (D:4)
  16 kobolds
  4 quokkas
  9 ball pythons
  2 frilled lizards
  10 rats
137 creatures vanquished.

Vanquished Creatures (others)
  32 foxfires (D:5)
32 creatures vanquished.

Grand Total: 169 creatures vanquished

Notes
Turn   | Place    | Note
-------+----------+-------------------------------------------
     0 | D:1      | Ge0ff the Mummy Cinder Acolyte began the quest for the Orb.
     0 | D:1      | Reached XP level 1. HP: 18/18 MP: 2/2
   117 | D:1      | Reached skill level 2 in Spellcasting
   117 | D:1      | Reached XP level 2. HP: 23/24 MP: 5/5
   120 | D:1      | Learned a level 2 spell: Scorch
   753 | D:1      | Reached XP level 3. HP: 26/29 MP: 2/6
  1147 | D:2      | Reached skill level 1 in Stealth
  1147 | D:2      | Reached skill level 3 in Spellcasting
  1301 | D:2      | Reached XP level 4. HP: 35/35 MP: 3/8
  1412 | D:2      | Found Galoiroc's Assorted Antiques.
  2318 | D:2      | Bought a scroll labelled SEOJ PAJUAT for 30 gold pieces
  2676 | D:3      | Noticed Robin
  2689 | D:3      | Noticed Grinder
  2690 | D:3      | Reached XP level 5. HP: 37/41 MP: 4/10
  2699 | D:3      | Killed Robin
  2706 | D:3      | Killed Grinder
  2707 | D:3      | Reached skill level 5 in Spellcasting
  2707 | D:3      | Reached XP level 6. HP: 43/47 MP: 2/13
  3061 | D:3      | Noticed Jessica
  3164 | D:3      | Killed Jessica
  3261 | D:3      | Found a shimmering blue altar of Sif Muna.
  3738 | D:4      | Reached XP level 7. HP: 52/52 MP: 8/15
  3964 | D:4      | Reached skill level 6 in Spellcasting
  3964 | D:4      | Reached skill level 5 in Fire Magic
  4269 | D:5      | Entered Level 5 of the Dungeon
  4511 | D:5      | Found a staircase to the Ecumenical Temple.
  4517 | Temple   | Entered the Ecumenical Temple
  5500 | D:6      | Found an iron altar of Okawaru.
  5502 | D:6      | Found a shadowy altar of Dithmenos.
  5551 | D:6      | Reached skill level 7 in Spellcasting
  5551 | D:6      | Reached XP level 8. HP: 56/58 MP: 3/18
  6009 | D:6      | Noticed Maggie
  6014 | D:6      | Maggie changed into Maggie the steam dragon
  6014 | D:6      | Noticed Maggie
  6022 | D:6      | Killed Maggie the steam dragon
  6023 | D:6      | Reached skill level 8 in Spellcasting
  6040 | D:6      | Identified the +8 morningstar of Fimeamp {drain, Dex+5}
  6049 | D:6      | Mangled by a centaur

Illustrated notes

Levels and vault maps discovered:
D:1:      lightli_iron_boxes, layout_loops_ring, minmay_pentomino_q2
D:2:      layout_loops_corners, serial_shops, nicolae_shop_tiny_glass,
          st_stairs_13, chequers_serial_rivers_micro_b
D:3:      layout_rooms, mainiacjoe_overflow_alcove_1, uniq_jessica,
          uniq_grinder, uniq_robin
D:4:      layout_rooms, chequers_garden
D:5:      layout_cave_pods, minmay_temple_entry_hall, minivault_11,
          minmay_misc_feat_tower
D:6:      layout_basic, nicolae_overflow_hidden_temple,
          nicolae_ashenzari_skybound, uniq_maggie, uniq_menkaure
Temple:   minmay_temple_bridge_d

Skill      XL: |  1  2  3  4  5  6  7  8 |
---------------+-------------------------+-----
Spellcasting   | 2 3 5 7 8 |  8.2
Stealth        | 1 2 |  2.0
Fire Magic     | 3 4 6 7 |  7.4
Fighting       | |  3.0
Polearms       | |  2.4

Action                     |  1- 3 |  4- 6 |  7- 9 || total
---------------------------+-------+-------+-------++-------
  Melee: Spear             |    53 |    39 |    13 ||   105
   Cast: Scorch            |    23 |    66 |    83 ||   172
 Invoke: Fiery Armour      |     1 |     1 |       ||     2
         Foxfire Swarm     |       |       |     2 ||     2
  Evoke: Wand              |       |       |     2 ||     2
    Use: Scroll            |     4 |     3 |     1 ||     8
 Armour: Robe              |    25 |    36 |    43 ||   104
  Dodge: Dodged            |    23 |    32 |    30 ||    85

Table legend: (Time is in decaauts)
 A = Elapsed time spent in this place.
 B = Non-inter-level travel time spent in this place.
 C = Inter-level travel time spent in this place.
 D = Time resting spent in this place.
 E = Time spent auto-exploring this place.
 F = Levels seen in this place.
 G = Mean time per level.
                   A        B        C        D        E       F      G
               +--------+--------+--------+--------+--------+-----+--------+
         Total |   6044 |   5906 |    138 |      7 |   4953 |   7 |  863.4 |
       Dungeon |   6043 |   5905 |    138 |      7 |   4953 |   6 | 1007.2 |
        Temple |      1 |      1 |      0 |      0 |      0 |   1 |    1.0 |
               +--------+--------+--------+--------+--------+-----+--------+

Top non-repeatable levels by time:
     D:2: 1519 daAuts
     D:5: 1193 daAuts
     D:1: 1134 daAuts
     D:4: 886 daAuts
     D:3: 725 daAuts
     D:6: 584 daAuts
  Temple: 1 daAuts
